 Dungeon Crawl Stone Soup version 0.20.0-15-g7f486f2 (webtiles) character file.

1237 Zwobot the Slasher (level 8, -3/43 HPs)
             Began as a Deep Elf Fighter on June 11, 2017.
             Was an Initiate of Hepliaklqana.
             Slain by a sky beast (5 damage)
             ... on level 7 of the Dungeon.
             The game lasted 00:14:38 (4674 turns).

Zwobot the Slasher (Deep Elf Fighter)               Turns: 4674, Time: 00:14:39

Health: -3/43      AC: 12    Str: 15    XL:     8   Next: 24%
Magic:  0/10       EV:  6    Int: 21    God:    Hepliaklqana [......]
Gold:   178        SH:  0    Dex: 14    Spells: 7/7 levels left

rFire    + . .     SeeInvis .   a - +0 long sword
rCold    . . .     Gourm    .   (no shield)
rNeg     . . .     Faith    .   l - +0 chain mail
rPois    +         Spirit   +   (no helmet)
rElec    .         Reflect  .   k - +2 cloak
rCorr    .         Harm     .   (no gloves)
MR       .....                  (no boots)
Stlth    ..........             h - amulet of guardian spirit
Regen    0.2/turn               m - ring of protection from fire
MPRegen  0.2/turn               d - ring of poison resistance

@: brilliant, slowed, drained, very slow
A: reduced essence, talons 1, clever 1, subdued magic 1
a: Recall Ancestor, Ancestor Identity, Renounce Religion


You were on level 7 of the Dungeon.
You worshipped Hepliaklqana.
Hepliaklqana was noncommittal.
You were not hungry.

You visited 2 branches of the dungeon, and saw 8 of its levels.

You collected 178 gold pieces.

Inventory:

Hand Weapons
 a - a +0 long sword (weapon)
Armour
 b - a +0 scale mail
 c - a +0 shield
 k - a +2 cloak (worn)
 l - a +0 chain mail (worn)
Jewellery
 d - a ring of poison resistance (right hand)
 h - an amulet of guardian spirit (around neck)
 m - a ring of protection from fire (left hand)
 s - an uncursed amulet of harm {unknown}
Wands
 i - a wand of iceblast (4/15)
 n - a wand of flame (3/48)
Scrolls
 e - 2 scrolls of remove curse
 j - a scroll of amnesia
 t - 3 scrolls of enchant weapon {unknown}
 v - a scroll of fog {unknown}
Comestibles
 f - 4 bread rations
 g - a meat ration
 q - 2 chunks of flesh
 u - a royal jelly


   Skills:
 + Level 4.9(4.6) Fighting
 * Level 7.1(6.7) Long Blades
 + Level 4.0(3.7) Armour
 - Level 2.4(2.1) Shields


You had 7 spell levels left.
You didn't know any spells.

Dungeon Overview and Level Annotations

Branches:
Dungeon (7/15)             Temple (1/1) D:5

Altars:
Ashenzari
Dithmenos
Elyvilon
Fedhas
Gozag
Hepliaklqana
Kikubaaqudgha
Makhleb
Okawaru
Qazlal
Sif Muna
Trog
Uskayaw
Vehumet
Xom
Yredelemnul
Zin
The Shining One

Shops:
D:4 =

Annotations:
D:3 melvinkitnick's ghost, amateur DrMo
Temple Eustachio


Innate Abilities, Weirdness & Mutations

Your life essence is reduced. (-10% HP)
You have sharp toenails.
Your mind is acute. (Int +2)
Your spells are a little easier to cast, but a little less powerful.


Message History

The orc wizard gestures at you while chanting.
You easily resist.
The orc barely misses you. The orc hits you but does no damage.
The orc wizard hits you but does no damage.
As you read the scroll labeled KAMUVU OKLIATY, it crumbles to dust.
It is a scroll of enchant armour.
Your +1 cloak glows green for a moment.
Something hits you but does no damage.
The orc wizard hits you but does no damage.
The orc hits you but does no damage.
The phantom blinks!
Something hits you but does no damage.
The orc wizard hits you but does no damage.
You are electrocuted!
* * * LOW HITPOINT WARNING * * *
The orc hits you with a mace.
* * * LOW HITPOINT WARNING * * *
Unknown command.
Something hits you.
* * * LOW HITPOINT WARNING * * *
Something shocks you.
You die...

#....<..........
....
#...............
######....
#...............
##...##....
###+##.....######
#....##....
#.....#....#
#....##....
#.....#.W..
#..........
#.....#...
#..........
#.....##'###
#..........
####+#..oo@#
#..........
#.§o..#
#.......<..
#.(...#
#..........
#.....#
#..........
#.....#
###########
#######


You could see an orc wizard and 2 orcs.

Vanquished Creatures
  Pikel (D:5)
  A water moccasin zombie (D:5)
  A wight (D:6)
  2 crimson imps
  A hound (D:5)
  2 orc wizards
  Ijyb (D:5)
  12 adders
  A river rat (D:3)
  2 oozes
  2 worms
  4 dart slugs
  2 leopard geckos
  10 orcs
  4 giant cockroaches
  7 goblins
  7 hobgoblins
  3 quokkas
  5 bats
  3 frilled lizards
  A giant cockroach zombie (D:5)
  2 jackal skeletons
  3 kobolds (D:2)
  A leopard gecko skeleton (D:4)
  A quokka skeleton (D:4)
  9 rats
88 creatures vanquished.

Vanquished Creatures (collateral kills)
  Grinder (D:5)
  A phantom (D:5)
  2 adders (D:5)
  3 orcs (D:5)
  A frilled lizard (D:5)
8 creatures vanquished.

Vanquished Creatures (others)
  An ancestor (D:7)
  An adder skeleton (D:5)
  A quokka (D:5)
  A ball python skeleton (D:5)
4 creatures vanquished.

Grand Total: 100 creatures vanquished

Notes
Turn   | Place    | Note
-------+----------+-------------------------------------------
     0 | D:1      | Zwobot the Deep Elf Fighter began the quest for the Orb.
     0 | D:1      | Reached XP level 1. HP: 13/13 MP: 3/3
   169 | D:1      | Reached skill level 2 in Long Blades
   374 | D:1      | Reached XP level 2. HP: 18/18 MP: 4/4
   865 | D:2      | Reached XP level 3. HP: 21/22 MP: 3/5
   898 | D:2      | Reached skill level 3 in Long Blades
  1124 | D:2      | Found a blossoming altar of Fedhas.
  1282 | D:3      | Reached XP level 4. HP: 27/28 MP: 4/6
  1391 | D:3      | Noticed melvinkitnick's ghost (amateur DrMo)
  1480 | D:3      | Reached skill level 4 in Long Blades
  1619 | D:3      | Found a hide-covered altar of Uskayaw.
  1748 | D:4      | Reached XP level 5. HP: 32/32 MP: 7/7
  2094 | D:4      | Found Hynint's Jewellery Shoppe.
  2510 | D:4      | Noticed a phantom
  2627 | D:5      | Entered Level 5 of the Dungeon
  2830 | D:5      | Noticed Ijyb
  2902 | D:5      | Gained mutation: Your mind is acute. (Int +2) [potion of mutation]
  2902 | D:5      | Gained mutation: Your spells are a little easier to cast, but a little less powerful. [potion of mutation]
  2902 | D:5      | Gained mutation: You have sharp toenails. [potion of mutation]
  2906 | D:5      | Reached XP level 6. HP: 6/37 MP: 3/8
  2907 | D:5      | Killed Ijyb
  2907 | D:5      | Reached skill level 5 in Long Blades
  2911 | D:5      | Noticed Eustachio
  3550 | D:5      | Found a staircase to the Ecumenical Temple.
  3561 | Temple   | Entered the Ecumenical Temple
  3586 | Temple   | Became a worshipper of Hepliaklqana the Forgotten
  3846 | D:5      | Noticed Grinder
  3864 | D:5      | Killed Grinder
  3864 | D:5      | Reached skill level 6 in Long Blades
  3864 | D:5      | Reached XP level 7. HP: 20/38 MP: 5/9
  4157 | D:5      | Noticed Pikel
  4180 | D:5      | Killed Pikel
  4180 | D:5      | Reached skill level 7 in Long Blades
  4180 | D:5      | Reached XP level 8. HP: 27/43 MP: 10/10
  4674 | D:7      | HP: 2/43 [something (2)]
  4674 | D:7      | Slain by a sky beast

Skill      XL: |  1  2  3  4  5  6  7  8 |
---------------+-------------------------+-----
Long Blades    | 2 3 4 6 7 |  7.1
Fighting       | 3 4 |  4.9
Armour         | 3 4 |  4.0
Shields        | |  2.4

Action                   |  1- 3 |  4- 6 |  7- 9 || total
-------------------------+-------+-------+-------++-------
Melee: Long sword        |    98 |   309 |    48 ||   455
       Kick              |       |    24 |    10 ||    34
Invok: Recall Ancestor   |       |       |     1 ||     1
Evoke: Wand              |       |     3 |     1 ||     4
  Use: Potion            |     1 |     6 |     2 ||     9
       Scroll            |       |     9 |     1 ||    10
  Eat: Chunk             |     1 |     6 |       ||     7
       Meat ration       |       |     1 |       ||     1
       Royal jelly       |       |     1 |       ||     1
Armor: Scale mail        |    50 |   113 |       ||   163
       Skin              |       |    36 |       ||    36
       Chain mail        |       |    38 |    36 ||    74
Dodge: Dodged            |    23 |    85 |    14 ||   122
Block: Shield            |    45 |   124 |       ||   169
       Rpst.: Long sword |    11 |    25 |       ||    36
